 Dungeon Crawl Stone Soup version 0.31-a0-221-gbddc013574 (webtiles) character file.

Game seed: 16961768031740861277

26 qw the Shield-Bearer (level 3, 0/23 HPs)
             Began as a Gargoyle Fighter on July 4, 2023.
             Slain by a gnoll
             ... wielding a +0 flail
              (2 damage)
             ... on level 4 of the Dungeon.
             The game lasted 00:00:24 (906 turns).

qw the Shield-Bearer (Gargoyle Fighter)              Turns: 906, Time: 00:00:24

Health: 0/23       AC: 10    Str: 21    XL:     3   Next: 8%
Magic:  3/3        EV:  9    Int:  8    God:
Gold:   92         SH:  4    Dex:  9    Spells: 2/2 levels left

rFire   . . .        Y - +0 war axe
rCold   . . .        c - +0 buckler
rNeg    + . .        b - +0 scale mail
rPois   inf          (no helmet)
rElec   +            (no cloak)
rCorr   .            (no gloves)
SInv    .            (no boots)
Will    .....        (no amulet) Stlth
                     (no ring)
HPRegen 0.23/turn    (no ring)
MPRegen 0.08/turn

%: no passive effects
@: no status effects
A: sickness immunity, AC +3, negative energy resistance 1, electricity
resistance, torment resistance 1, petrification resistance
a: no special abilities


You were on level 4 of the Dungeon.
You visited 1 branch of the dungeon, and saw 3 of its levels.

You collected 92 gold pieces.


Innate Abilities, Weirdness & Mutations

You are immune to sickness and miasma.
Your stone body is resilient. (AC +3)
You are immune to poison.
You resist negative energy. (rN+)
You are resistant to electric shocks. (rElec)
You are resistant to unholy torment.
You are immune to petrification.


   Skills:
 - Level 3.2 Fighting
 + Level 3.1 Axes
 - Level 3.2 Armour
 - Level 3.2 Shields


You had 2 spell levels left.
You didn't know any spells.
Your spell library was empty.

Inventory:

Hand Weapons
 f - a +0 whip
 Y - a +0 war axe (weapon)
Armour
 b - a +0 scale mail (worn)
 c - a +0 buckler (worn)
Potions
 a - a potion of heal wounds {unknown}
 d - a potion of might
 h - 2 potions of curing
 i - a potion of magic
 j - a potion of haste {unknown}
 k - a potion of lignification {unknown}
 m - a potion of attraction {unknown}

Dungeon Overview and Level Annotations

Branches:
Dungeon (2/15)

Altars:


Message History

Waypoint 2 assigned to D:4.
870 ||| PLANNING OSSUARY You now have 92 gold pieces (gained 13).
A gnoll comes into view. It is wielding a +0 spear.
The gnoll shouts!
You hear a shout!
A gnoll comes into view. It is wielding a +0 flail.
896 ||| Stepping ~*~*~tactically~*~*~ (hiding).
A gnoll comes into view. It is wielding a +0 club.
The gnoll shouts!
The gnoll shouts!
The gnoll hits you but does no damage.
You hit the gnoll.
The gnoll is lightly wounded.
The gnoll hits you but does no damage.
You hit the gnoll.
The gnoll is moderately wounded.
The gnoll barely misses you.
You hit the gnoll.
The gnoll is almost dead.
The gnoll barely misses you. The gnoll hits you but does no damage.
You barely miss the gnoll.
The gnoll is almost dead.
You hit the gnoll.
You kill the gnoll!
You barely miss the gnoll. The gnoll hits you with a +0 flail.
Your Axes skill increases to level 3!
You have reached level 3!
Your experience leads to an increase in your attributes!
Increase (S)trength, (I)ntelligence, or (D)exterity?
You feel stronger. x2
You hit the gnoll.
The gnoll is heavily wounded.
You completely miss the gnoll. The gnoll hits you with a +0 club!
The gnoll hits you but does no damage. x2
The gnoll hits you with a +0 club!
You closely miss the gnoll.
The gnoll is heavily wounded.
You closely miss the gnoll. You block the gnoll's attack.
The gnoll hits you with a +0 flail.
You die...

##.....## #.............
#.......# ##.##..........
.........####..###..######
..........##..## ##.#
..####.......## ##.#
.............# #.##
...##..(......####.#
##.........#...#
#....##....g@##.#
.....###....g## #.# ......
#....## #.# ...... ......#
#.. ..... ... ..... ..
.... ....


You could see 2 gnolls.

Vanquished Creatures
  A gnoll (D:4)
  2 ball pythons (D:1)
  2 endoplasms (D:1)
  2 giant cockroaches (D:1)
  A goblin (D:1)
  3 hobgoblins (D:1)
  A bat (D:1)
  A frilled lizard (D:2)
  2 kobolds (D:1)
  A rat (D:1)
16 creatures vanquished.

Notes
Turn   | Place    | Note
-------+----------+-------------------------------------------
     0 | D:1      | qw the Gargoyle Fighter began the quest for the Orb.
     0 | D:1      | Reached XP level 1. HP: 14/14 MP: 1/1
     0 | D:1      | 0 ||| qw: Version: 0.3-a-41-g9d075ac
     0 | D:1      | 0 ||| qw: Game counter: 766
     0 | D:1      | 0 ||| qw: Melee chars always use a shield: true
     0 | D:1      | 0 ||| qw: God list: Okawaru
     0 | D:1      | 0 ||| qw: Allow faded altars: false
     0 | D:1      | 0 ||| qw: Do Orc after clearing Dungeon:15 true
     0 | D:1      | 0 ||| qw: Do second Lair branch before Depths: true
     0 | D:1      | 0 ||| qw: Lair rune preference: random
     0 | D:1      | 0 ||| qw: Goals: Normal, Zot:1-4, Slime:5, God:TSO, Crypt,
                  | Tomb, Abyss, Pan, Hells, Win
     0 | D:1      | 0 ||| PLANNING D:1-11
   193 | D:1      | 193 ||| Stepping ~*~*~tactically~*~*~ (stealth).
   224 | D:1      | Reached XP level 2. HP: 12/19 MP: 2/2
   754 | D:1      | 754 ||| READING scroll labelled TAPLOL DASIREL.
   755 | D:1      | 755 ||| READING scroll labelled YJUEDAANIH.
   756 | D:1      | 756 ||| READING scroll labelled SEONOEG JEQER.
   757 | D:1      | 757 ||| DRINKING 3 smoky golden potions.
   758 | D:1      | 758 ||| DRINKING 2 clear potions.
   868 | D:2      | You fall into a shaft and drop 2 floors!
   870 | D:4      | 870 ||| PLANNING OSSUARY
   896 | D:4      | 896 ||| Stepping ~*~*~tactically~*~*~ (hiding).
   905 | D:4      | Reached skill level 3 in Axes
   905 | D:4      | Reached XP level 3. HP: 16/23 MP: 3/3
   905 | D:4      | HP: 2/23 [gnoll/+0 club (7)]
   906 | D:4      | Slain by a gnoll

Levels and vault maps discovered:
D:1:      dpeg_arrival_windows_large_door, layout_basic, minivault_14,
          hangedman_decor_slide_cut, minivault_5
D:2:      layout_basic, basic_altar, uniq_crazy_yiuf_cottage, uniq_jessica
D:4:      layout_layer_cave, lightli_temple_of_fire,
          nicolae_ossuary_entry_catacombs, biasface_ghost_orc_armoury

Skill      XL: |  1  2 |
---------------+-------+-----
Axes           | 2 3 |  3.1
Fighting       | |  3.2
Armour         | |  3.2
Shields        | |  3.2

Action                     || total
---------------------------++-------
  Melee: War axe           ||    57
    Use: Scroll            ||     3
         Potion            ||     2
 Armour: Scale mail        ||    32
  Dodge: Dodged            ||    28
  Block: Buckler           ||     7

Table legend:
 A = Non-vault XP
 B = Vault XP
 C = Vault XP percentage of total XP
 D = Non-vault monster count
 E = Vault monster count
 F = Vault count percentage of total count
                 A         B        C        D         E       F
            +---------+---------+-------+---------+---------+-------
      Total |      38 |       0 |   0.0 |      16 |       0 |   0.0
            +---------+---------+-------+---------+---------+-------
        D:1 |      23 |       0 |   0.0 |      14 |       0 |   0.0
        D:2 |       1 |       0 |   0.0 |       1 |       0 |   0.0
        D:4 |      14 |       0 |   0.0 |       1 |       0 |   0.0
            +---------+---------+-------+---------+---------+-------
